 Dungeon Crawl Stone Soup version 0.25-a0-1007-g10a8c3caa8 (webtiles) character file.

Game seed: 12208792208456389404, levelgen mode: deterministic

275 Esekla the Skirmisher (level 6, -1/50 HPs)
             Began as a Formicid Abyssal Knight on May 11, 2020.
             Was a Believer of Lugonu.
             Slain by an orc
             ... wielding a +0 trident
              (4 damage)
             ... on level 4 of the Dungeon.
             The game lasted 00:26:35 (4427 turns).

Esekla the Skirmisher (Formicid Abyssal Knight)     Turns: 4427, Time: 00:26:37

Health: -1/50      AC:  4    Str: 16    XL:     6   Next: 50%
Magic:  8/8        EV: 11    Int: 14    God:    Lugonu [**....]
Gold:   169        SH:  0    Dex: 10    Spells: 4/7 levels left

rFire    . . .     SeeInvis +   a - +1 falchion
rCold    . . .     Gourm    .   (no shield)
rNeg     + . .     Faith    +   b - +0 leather armour
rPois    .         Spirit   .   (helmet unavailable)
rElec    .         Reflect  .   (no cloak)
rCorr    .         Harm     .   q - +0 pair of gloves
MR       .....                  (no boots)
Stlth    +.........             s - amulet of faith
HPRegen  0.16/turn              l - ring of positive energy
MPRegen  0.11/turn              (no ring)

@: no status effects
A: permanent stasis, dig shafts and tunnels, four strong arms, antennae 3
a: Dig, Shaft Self, Depart the Abyss, Bend Space, Renounce Religion


You were on level 4 of the Dungeon.
You worshipped Lugonu.
Lugonu was pleased with you.
You were near starving.

You visited 2 branches of the dungeon, and saw 6 of its levels.
You visited the Abyss 1 time.

You collected 169 gold pieces.

Inventory:

Hand Weapons
 a - a +1 falchion (weapon)
 m - a +0 dagger of venom
 r - a cursed -3 short sword
Armour
 b - a +0 leather armour (worn)
 q - a +0 pair of gloves (worn)
Jewellery
 l - a ring of positive energy (left hand)
 s - an amulet of faith (around neck)
Wands
 d - a wand of paralysis (8)
Scrolls
 e - a scroll of random uselessness {unknown}
 f - 4 scrolls of enchant weapon {unknown}
 i - a scroll of magic mapping {unknown}
 j - 3 scrolls of teleportation {unknown}
 n - 4 scrolls of remove curse {unknown}
 v - a scroll of enchant armour {unknown}
Potions
 g - 2 potions of ambrosia
 h - 2 potions of lignification
 o - 2 potions of cancellation
 p - 2 potions of invisibility
 t - a potion of magic
 u - a potion of heal wounds {unknown}
 w - a potion of haste {unknown}
 x - 2 potions of brilliance
 z - a potion of resistance
Comestibles
 c - 11 rations


   Skills:
 * Level 4.8 Fighting
 * Level 4.0 Long Blades
 + Level 2.6 Armour
 + Level 1.5 Dodging
 + Level 1.2 Spellcasting
 * Level 1.4 Hexes
 * Level 3.2 Invocations


You had 4 spell levels left.
You knew the following spells:

 Your Spells              Type           Power        Failure   Level  Hunger
a - Tukima's Dance        Hex            #.......     45%         3    ####...

Your spell library contained the following spells:

 Spells                   Type           Power        Failure   Level  Hunger
 Corona                   Hex            #......      17%         1    ##.....
 Ensorcelled Hibernation  Hex/Ice        #.....       34%         2    ###....
 Confusing Touch          Hex            #.......     45%         3    ####...
 Dazzling Flash           Conj/Hex       #.....       56%         3    ####...


Dungeon Overview and Level Annotations

Branches:
Dungeon (5/15)             Temple (1/1) D:4

Altars:


Innate Abilities, Weirdness & Mutations

You cannot be hasted, slowed, berserked, paralysed or teleported.
You can dig through walls and to a lower floor.
Your four strong arms can wield two-handed weapons with a shield.
You have a pair of large antennae on your head. (SInv)


Message History

The orc hits you from afar with a +0 trident.
* * * LOW HITPOINT WARNING * * *
You hit the orc wizard.
The orc wizard is almost dead.
The orc wizard points at you and mumbles some strange words.
The magic dart hits you!
* * * LOW HITPOINT WARNING * * *
The orc hits you but does no damage. The orc wizard casts a spell at you.
The magic dart hits you.
* * * LOW HITPOINT WARNING * * *
The orc wizard closely misses you.
You riposte.
You barely miss the orc wizard.
The orc wizard is almost dead.
You barely miss the orc wizard.
The orc wizard is almost dead.
The orc wizard points at you and mumbles some strange words.
The magic dart hits you.
* * * LOW HITPOINT WARNING * * *
The orc hits you from afar with a +0 trident.
You die...

#.##.####..#...####
.....####..#.###
#.#..#.....#.# .....(.......#
###. ...#.#...##..# .....
...#.####.#..##########......
...#......#..#.{...o..[......
...######.##.#o########......
......#...##.#.o@.# .....
.#.##.#...##.####.# ....
.#.##.#<...#....#.# ...
.#.##.##.#.####.#.# ##
.#.##.........#.#.####
.#.#.^...#.##.#.#....#
.#...#......#.#.####.#
.#.#.#.###..#.#......##
.#####.# #..#.........#


You could see an orc wizard and an orc.

Vanquished Creatures
  A big kobold (D:4)
  An orc priest (D:3)
  2 worker ants (D:4)
  2 gnolls (D:2)
  2 adders
  3 oozes (D:1)
  A worm (D:3)
  2 dart slugs
  5 leopard geckos
  4 orcs
  7 giant cockroaches
  5 hobgoblins
  6 jackals
  5 kobolds
  2 quokkas
  7 bats
  2 frilled lizards
  6 goblins
  4 rats
67 creatures vanquished.

Vanquished Creatures (others)
  A large abomination (Abyss:2)
  A dancing weapon (D:3)
  A small abomination (Abyss:2)
3 creatures vanquished.

Grand Total: 70 creatures vanquished

Notes
Turn   | Place    | Note
-------+----------+-------------------------------------------
     0 | Abyss:1  | Esekla the Formicid Abyssal Knight began the quest for the
                  | Orb.
     0 | Abyss:1  | Reached XP level 1. HP: 18/18 MP: 2/2
    35 | Abyss:2  | Noticed a small abomination
    56 | Abyss:2  | Noticed a ynoxinul
    89 | Abyss:2  | Killed a small abomination
   107 | Abyss:2  | Killed a large abomination
   109 | D:1      | Escaped the Abyss
   420 | D:1      | Reached XP level 2. HP: 5/24 MP: 3/3
   979 | D:1      | Reached XP level 3. HP: 26/30 MP: 4/4
  1023 | D:2      | Reached * piety under Lugonu
  1545 | D:1      | Learned a level 3 spell: Tukima's Dance
  1730 | D:1      | Reached XP level 4. HP: 37/38 MP: 5/5
  1867 | D:2      | Reached skill level 1 in Dodging
  1955 | D:2      | You fall into a shaft and drop 2 floors!
  2016 | D:4      | Reached skill level 1 in Spellcasting
  2533 | D:3      | Reached ** piety under Lugonu
  2881 | D:3      | Reached XP level 5. HP: 23/43 MP: 6/6
  3694 | D:3      | Upgraded the game from 0.25-a0-992-gca090100c3 to
                  | 0.25-a0-1007-g10a8c3caa8
  3836 | D:4      | Reached skill level 1 in Hexes
  3861 | D:4      | Found a staircase to the Ecumenical Temple.
  3883 | Temple   | Entered the Ecumenical Temple
  4005 | D:4      | Reached XP level 6. HP: 49/49 MP: 8/8
  4012 | D:5      | Entered Level 5 of the Dungeon
  4427 | D:4      | Slain by an orc

Illustrated notes

Levels and vault maps discovered:
D:1:      dpeg_arrival_shelter, layout_loops_cross, chequers_garden
D:2:      layout_basic
D:3:      layout_loops_ring, first_ration
D:4:      layout_basic, nicolae_overflow_hidden_temple,
          minmay_temple_entry_mini_moons
D:5:      layout_layer_cave, hangedman_decor_growths, uniq_pikel
Temple:   roderic_octagonal_lattice_temple

Skill      XL: |  1  2  3  4  5  6 |
---------------+-------------------+-----
Fighting       | 4 |  4.8
Dodging        | 1 |  1.5
Spellcasting   | 1 |  1.2
Long Blades    | 3 4 |  4.0
Hexes          | 1 |  1.4
Invocations    | 3 |  3.2
Armour         | |  2.6

Action                   |  1- 3 |  4- 6 || total
-------------------------+-------+-------++-------
Melee: Falchion          |   106 |   154 ||   260
 Cast: Tukima's Dance    |       |     2 ||     2
Invok: Depart the Abyss  |     1 |       ||     1
 Abil: Shaft Self        |       |     1 ||     1
  Use: Scroll            |       |     7 ||     7
  Eat: Chunk             |     3 |     4 ||     7
       Ration            |       |     1 ||     1
Armor: Leather armour    |    24 |    32 ||    56
Dodge: Dodged            |    76 |    87 ||   163
       Rpst.: Falchion   |    20 |    32 ||    52

Table legend:
 A = Non-vault XP
 B = Vault XP
 C = Vault XP percentage of total XP
 D = Non-vault monster count
 E = Vault monster count
 F = Vault count percentage of total count
                 A         B        C        D         E       F
            +---------+---------+-------+---------+---------+-------
      Total |     394 |       0 |   0.0 |      67 |       0 |   0.0
            +---------+---------+-------+---------+---------+-------
        D:1 |      50 |       0 |   0.0 |      19 |       0 |   0.0
        D:2 |      51 |       0 |   0.0 |      16 |       0 |   0.0
        D:3 |     103 |       0 |   0.0 |      25 |       0 |   0.0
        D:4 |     177 |       0 |   0.0 |       6 |       0 |   0.0
        D:5 |      13 |       0 |   0.0 |       1 |       0 |   0.0
            +---------+---------+-------+---------+---------+-------
